 Dungeon Crawl Stone Soup version 0.28-a0-925-gd5e1996cdb (webtiles) character file.

Game seed: 1621432260033267725

4650 AvatarAndi78 the Cleaver (level 10, -4/135 HPs)
             Began as a Minotaur Berserker on Nov 26, 2021.
             Was an Elder of Trog.
             Slain by a komodo dragon (12 damage)
             ... on level 8 of the Dungeon.
             The game lasted 00:19:02 (9576 turns).

AvatarAndi78 the Cleaver (Minotaur Berserker)       Turns: 9576, Time: 00:19:03

Health: -4/135     AC: 19    Str: 25    XL:     10   Next: 20%
Magic:  10/10      EV:  9    Int:  4    God:    Trog [****..]
Gold:   406        SH:  0    Dex: 10    Spells: 9/9 levels left

rFire   x . .      SeeInvis .   u - +2 battleaxe
rCold   + . .      Faith    .   (shield currently unavailable)
rNeg    . . .      Spirit   .   a - +0 plate armour
rPois   .          Reflect  .   (helmet restricted)
rElec   .          Harm     .   (no cloak)
rCorr   .          Rampage  .   d - +0 pair of gloves
Will    ++...                   (no boots)
Stlth   ..........              y - amulet of regeneration
HPRegen 2.12/turn               f - +4 ring of protection
MPRegen 0.12/turn               i - ring of ice

@: berserking, strong-willed, regenerating, studying Polearms, unable to read,
very quick
A: horns 2, retaliatory headbutt, high mp 1, inability to read while threatened
a: Renounce Religion, Berserk, Trog's Hand, Brothers in Arms


You were on level 8 of the Dungeon.
You worshipped Trog.
Trog was greatly pleased with you.
You visited 1 branch of the dungeon, and saw 8 of its levels.

You collected 406 gold pieces.

Inventory:

Hand Weapons
 k - the +6 quarterstaff "Zuawnuaw" {antimagic, Int+2 Dex-4 SInv}
   (You took it off an orc priest on level 4 of the Dungeon)

   It reduces the magical energy of the wielder, and disrupts the spells and
   magical abilities of those it strikes.
   Natural abilities and divine invocations are not affected.
   Int:       It affects your intelligence (+2).
   Dex:       It affects your dexterity (-4).
   SInv:      It lets you see invisible.
 q - a +3 falchion
 s - the +6 hunting sling of Tortfeasance {flame, Will+}
   (You found it on level 6 of the Dungeon)

   Any ammunition fired from it burns those it strikes, dealing additional fire
   damage.
   Will:      It increases your willpower.
 u - a +2 battleaxe (weapon)
 v - a +3 spear
Missiles
 c - 6 boomerangs (quivered)
Armour
 a - a +0 plate armour (worn)
 d - a +0 pair of gloves (worn)
Jewellery
 f - a +4 ring of protection (left hand)
 i - a ring of ice (right hand)
 y - an amulet of regeneration (around neck)
Wands
 h - a wand of polymorph (13)
 l - a wand of acid (8)
 n - a wand of flame (15)
 w - a wand of charming (11)
Scrolls
 m - a scroll of fear
 o - a scroll of identify
 p - a scroll of immolation {unknown}
 r - a scroll of enchant weapon
 x - 2 scrolls of fog
Potions
 b - a potion of berserk rage
 e - a potion of heal wounds
 g - 2 potions of curing
 j - a potion of ambrosia


   Skills:
 + Level 8.8 Fighting
 + Level 10.1 Axes
 + Level 6.3 Staves
 + Level 2.3 Throwing
 + Level 9.4 Armour
 + Level 5.0 Dodging
 + Level 2.0 Stealth


You had 9 spell levels left.
You didn't know any spells.
Your spell library was empty.

Dungeon Overview and Level Annotations

Branches:
Dungeon (8/15)             Temple (0/1) D:5            Lair (0/6) D:8

Altars:
Fedhas
Gozag
Qazlal
Uskayaw
Xom

Shops:
D:5 *


Innate Abilities, Weirdness & Mutations

You have a pair of horns on your head.
You reflexively headbutt those who attack you in melee.
You have an increased reservoir of magic. (+10% MP)
You sometimes lose the ability to read scrolls when taking damage.


Message History

You hear an angry hiss.
You hit the slime creature.
You headbutt the slime creature, but do no damage.
The slime creature is heavily wounded.
The slime creature hits you!
A komodo dragon comes into view.
You slash the slime creature!
The slime creature is severely wounded.
The slime creature closely misses you. You furiously retaliate!
You headbutt the slime creature. The slime creature barely misses you.
You furiously retaliate!
You headbutt the slime creature. You slash the slime creature!
The slime creature is almost dead.
You closely miss the komodo dragon. The komodo dragon barely misses you.
You furiously retaliate!
You headbutt the komodo dragon! The slime creature barely misses you.
You furiously retaliate!
You headbutt the slime creature, but do no damage.
You slash the slime creature!
You kill the slime creature!
Trog accepts your kill.
You hit the komodo dragon but do no damage.
The centaur warrior wields a +0 shortbow.
The centaur warrior shoots an arrow.
The arrow hits you! The komodo dragon bites you!
You feel threatened and lose the ability to read scrolls!
The centaur warrior shoots an arrow.
The arrow hits you! The komodo dragon bites you.
Your Axes skill increases to level 10!
Your skin crawls.
You feel strong-willed.
The centaur warrior shoots an arrow.
The arrow hits you! The komodo dragon bites you!
* * * LOW HITPOINT WARNING * * *
The centaur warrior shoots an arrow.
The arrow hits you!
* * * LOW HITPOINT WARNING * * *
A red film seems to cover your vision as you go berserk!
You feel yourself moving faster!
You feel mighty!
The centaur warrior shoots an arrow.
The arrow barely misses you. The komodo dragon bites you!
You die...

.#####.###############..#
.###.....## # #.##
.##.......## #. #.#
.#...#.#...# .# #.##
.#..##.##..### #.###..#
.#....#....#... ....#.>#
.#..##.##..# #.# ..# #..#
.#...#.#...# #c.#l.# #..#
.##.......## #@# #..#
.###.....## #.# #..#
.#####.####### #.## #..#
.#♣....♣...#..##..####..#
.#.........#.##.....##..#
.#.....♣...#.#.......#..#
.#.P..♣....#.#..###..#.##
.#...P⌠......#.)#[##.#.#
.#♣...P...♣#.##.##.#.#.#


You could see a centaur warrior and a komodo dragon.

Vanquished Creatures
  Psyche (D:8)
  A troll (D:7)
  Prince Ribbit (D:7)
  A slime creature (D:8)
  A steam dragon (D:8)
  Menkaure (D:7)
  A water moccasin (D:7)
  Duvessa (D:5)
  3 orc warriors
  2 sky beasts (D:8)
  2 black bears (D:5)
  2 centaurs (D:8)
  A phantom (D:5)
  3 kobold brigands (D:8)
  3 bullfrogs
  2 scorpions
  2 wyvern skeletons (D:7)
  Dowan (D:5)
  A water moccasin skeleton (D:6)
  5 killer bees (D:5)
  6 wights
  3 centaur zombies
  6 orc priests
  A bullfrog skeleton (D:5)
  2 centaur skeletons
  4 hounds
  2 jellies
  A gnoll shaman (D:7)
  Crazy Yiuf (D:7)
  4 iguanas
  10 orc wizards
  A howler monkey zombie (D:8)
  Robin (D:2)
  8 gnolls
  11 adders
  2 white imps
  A worm (D:2)
  2 dart slugs (D:2)
  25 orcs
  4 ball pythons
  8 endoplasms
  3 giant cockroaches
  15 goblins
  9 hobgoblins
  2 jackals (D:1)
  6 quokkas
  5 bats
  3 frilled lizards
  14 kobolds
  3 rats
198 creatures vanquished.

Vanquished Creatures (others)
  10 plants (D:8)
10 creatures vanquished.

Grand Total: 208 creatures vanquished

Notes
Turn   | Place    | Note
-------+----------+-------------------------------------------
     0 | D:1      | AvatarAndi78 the Minotaur Berserker began the quest for the
                  | Orb.
     0 | D:1      | Reached XP level 1. HP: 19/19 MP: 0/0
   312 | D:1      | Reached XP level 2. HP: 27/27 MP: 1/1
   319 | D:1      | Reached skill level 4 in Axes
   506 | D:1      | Found a faded altar of an unknown god.
   738 | D:2      | Noticed Robin
   829 | D:1      | Reached XP level 3. HP: 28/33 MP: 2/2
  1058 | D:2      | Reached ** piety under Trog
  1066 | D:2      | Killed Robin
  1067 | D:2      | Reached XP level 4. HP: 41/41 MP: 3/3
  2036 | D:3      | Reached XP level 5. HP: 26/47 MP: 4/4
  2358 | D:3      | Reached skill level 5 in Axes
  2612 | D:4      | Reached skill level 5 in Fighting
  3007 | D:4      | Reached XP level 6. HP: 56/56 MP: 5/5
  3128 | D:4      | Reached *** piety under Trog
  3190 | D:4      | Identified the +6 quarterstaff "Zuawnuaw" {antimagic, Int+2
                  | Dex-4 SInv}
  3204 | D:4      | Reached skill level 6 in Axes
  3204 | D:4      | Reached skill level 5 in Armour
  3326 | D:4      | Found a shimmering altar of Xom.
  3383 | D:4      | Found a stormy altar of Qazlal.
  3727 | D:5      | Entered Level 5 of the Dungeon
  3747 | D:5      | Reached XP level 7. HP: 46/61 MP: 2/6
  3826 | D:5      | Found a hide-covered altar of Uskayaw.
  3894 | D:5      | Gained mutation: You have an increased reservoir of magic.
                  | (+10% MP) [potion of mutation]
  3894 | D:5      | Gained mutation: You sometimes lose the ability to read
                  | scrolls when taking damage. [potion of mutation]
  4082 | D:5      | Reached skill level 1 in Stealth
  4307 | D:5      | Found an opulent altar of Gozag.
  4373 | D:5      | Found a staircase to the Ecumenical Temple.
  4422 | D:5      | Noticed Dowan
  4422 | D:5      | Noticed Duvessa
  4430 | D:5      | Killed Duvessa
  4431 | D:5      | Reached skill level 1 in Staves
  4436 | D:5      | Killed Dowan
  4540 | D:5      | Found Onela's General Store.
  4860 | D:5      | Reached XP level 8. HP: 66/70 MP: 2/7
  5870 | D:6      | Identified the +6 hunting sling of Tortfeasance {flame,
                  | Will+}
  6379 | D:6      | Reached skill level 5 in Staves
  7404 | D:7      | Noticed a troll
  7414 | D:7      | Killed a troll
  7415 | D:7      | Reached skill level 7 in Axes
  7415 | D:7      | Reached XP level 9. HP: 56/79 MP: 8/8
  7600 | D:7      | Found a blossoming altar of Fedhas.
  7842 | D:7      | Noticed Prince Ribbit
  7852 | D:7      | Killed Prince Ribbit
  7993 | D:7      | Reached skill level 8 in Axes
  8030 | D:7      | Found a runed translucent door.
  8031 | D:7      | Noticed Crazy Yiuf
  8035 | D:7      | Killed Crazy Yiuf
  8151 | D:7      | Noticed Menkaure
  8156 | D:7      | Killed Menkaure
  8321 | D:7      | Reached skill level 5 in Dodging
  8328 | D:7      | Reached **** piety under Trog
  8334 | D:7      | Reached skill level 9 in Axes
  8761 | D:8      | Found a staircase to the Lair.
  9157 | D:8      | Noticed Psyche
  9170 | D:8      | Killed Psyche
  9171 | D:8      | Reached skill level 1 in Throwing
  9239 | D:8      | Reached XP level 10. HP: 90/90 MP: 10/10
  9570 | D:8      | Noticed a centaur warrior
  9575 | D:8      | Reached skill level 10 in Axes
  9575 | D:8      | HP: 4/90 [centaur warrior/arrow (15)]
  9576 | D:8      | Slain by a komodo dragon

Illustrated notes

Levels and vault maps discovered:
D:1:      dpeg_arrival_round_c, layout_rooms,
          hellmonk_ecumenical_altar_pennies_from_heaven
D:2:      layout_loops_cross, uniq_robin
D:3:      layout_loops_ring
D:4:      layout_rooms, mainiacjoe_overflow_catch_the_wave, skrybe_limestone_x,
          minmay_manual_mess
D:5:      layout_basic, mainiacjoe_overflow_chevrons, grunt_gozag_breadcrumbs,
          minmay_temple_entry_ruins, kennysheep_nondescript,
          nicolae_take_the_stairs, uniq_duvessa
D:6:      layout_layer_cave
D:7:      layout_gridville, fedhas_ov_isle_minmay, uniq_prince_ribbit1,
          uniq_crazy_yiuf_cottage, uniq_menkaure
D:8:      layout_gridville, lair_entry_dummy, grunt_ministairs_2,
          minmay_the_grid_2x2 [minmay_the_grid_plusring, minmay_the_grid_garden,
          minmay_the_grid_aliased_spiral, minmay_the_grid_prize_trominoes],
          uniq_psyche

Skill      XL: |  1  2  3  4  5  6  7  8  9 10 |
---------------+-------------------------------+-----
Fighting       | 4 5 6 7 8 |  8.8
Axes           | 4 5 6 7 9 10 | 10.1
Armour         | 3 4 5 6 7 9 |  9.4
Dodging        | 3 4 5 |  5.0
Stealth        | 1 2 |  2.0
Staves         | 2 6 |  6.3
Throwing       | 1 2 |  2.3

Action                   |  1- 3 |  4- 6 |  7- 9 | 10-12 || total
-------------------------+-------+-------+-------+-------++-------
Melee: Hand axe          |    68 |   147 |       |       ||   215
       Headbutt          |     5 |    26 |    29 |     8 ||    68
       Quarterstaff      |       |    10 |   125 |       ||   135
       Battleaxe         |       |       |    92 |    42 ||   134
Throw: Boomerang         |       |     6 |    12 |     6 ||    24
Invok: Berserk           |     4 |     3 |     7 |     1 ||    15
       Trog's Hand       |       |       |     4 |     1 ||     5
  Use: Scroll            |       |     6 |     7 |       ||    13
       Potion            |       |       |     5 |       ||     5
Armor: Ring mail         |    42 |    53 |     5 |       ||   100
       Scale mail        |       |       |    66 |       ||    66
       Plate armour      |       |       |   116 |    23 ||   139
Dodge: Dodged            |    56 |    82 |   114 |    23 ||   275

Table legend: (Time is in decaauts)
 A = Elapsed time spent in this place.
 B = Non-inter-level travel time spent in this place.
 C = Inter-level travel time spent in this place.
 D = Time resting spent in this place.
 E = Time spent auto-exploring this place.
 F = Levels seen in this place.
 G = Mean time per level.
                   A        B        C        D        E       F      G
               +--------+--------+--------+--------+--------+-----+--------+
         Total |   9785 |   9563 |    222 |      0 |   8193 |   8 | 1223.1 |
       Dungeon |   9785 |   9563 |    222 |      0 |   8193 |   8 | 1223.1 |
               +--------+--------+--------+--------+--------+-----+--------+

Top non-repeatable levels by time:
     D:6: 1840 daAuts
     D:5: 1831 daAuts
     D:7: 1428 daAuts
     D:1: 1088 daAuts
     D:3: 1006 daAuts
     D:4: 919 daAuts
     D:8: 869 daAuts
     D:2: 802 daAuts
